Gangsters vs Saguenéens
Created - November 30, 2017 at 19:09
Goals
|
| Gangsters |
2 |
1 |
0 |
0 |
3 |
| Saguenéens |
0 |
2 |
1 |
1 |
4 |
|
Shots
|
| Gangsters |
16 |
7 |
7 |
2 |
32 |
| Saguenéens |
12 |
12 |
4 |
1 |
29 |
|
1st period
1. Gangsters , Matt Delahey 4 (Morgan Ellis 4, Tomas Hertl 9) at 15:52 (PP)
2. Gangsters , Bryan Young 3 (Maxime Sauvé 15, Chris Bourque 10) at 19:47 (PP)
Penalties :
Mason Raymond (Chi) for Roughing (Minor) at 14:46, Tanner Richard (Chi) for Holding (Minor) at 18:09
2nd period
3. Gangsters , Tomas Hertl 12 (Magnus Paajarvi-Svensson 14, Devante Smith-Pelly 9) at 10:52
4. Saguenéens , Carson Mcmillan 13 (Zac Rinaldo 20, Mason Raymond 15) at 11:00
5. Saguenéens , Nick Mattson 1 (Teemu Pulkkinen 7, Juraj Mikus 17) at 11:59
Penalties :
Patrick Sieloff (Chi) for Diving (Minor) at 0:22, Patrik Nemeth (Bro) for Tripping (Minor) at 0:40, Spencer Machacek (Chi) for Roughing (Minor) at 18:56
3rd period
6. Saguenéens , Carson Mcmillan 14 (Mason Raymond 16, Zac Rinaldo 21) at 1:54
Penalties :
Dalton Prout (Chi) for Tripping (Minor) at 2:01, Richard Panik (Bro) for Tripping (Minor) at 3:59, Carl Hagelin (Chi) for High sticking (Minor) at 10:12
Overtime #1
7. Saguenéens , Craig Cunningham 6 (Rhett Rakhshani 8, Nick Mattson 4) at 4:56
Penalties :
Patrick Sieloff (Chi) for Hooking (Minor) at 0:42
Goalie Stats
Dustin Tokarski (Bro), 25 saves from 29 shots - (0.862), OTL, 5-4-1, 64:56 minutes
Mike Smith (Chi), 29 saves from 32 shots - (0.906), W, 14-5-0, 64:56 minutes
Players Stats for Gangsters
Player Name G A P +/- PIM S H SB GA TA FO MP PP MP PK MP
------------------------------------------------------------------------------------
Brendan Woods 0 0 0 -1 0 1 0 1 0 0 0/0 12:42 0:00 0:00
Bryan Young 1 0 1 0 0 3 1 3 1 1 0/0 30:58 5:14 1:27
Chris Bourque 0 1 1 -1 0 2 1 1 3 0 3/7 24:49 4:46 1:00
Derrick Pouliot 0 0 0 -2 0 1 1 0 0 0 0/0 13:21 0:00 0:18
Devante Smith-Pelly 0 1 1 0 0 2 3 1 0 1 3/3 17:10 4:12 0:00
Jonas Brodin 0 0 0 -2 0 3 1 1 0 1 0/0 12:59 0:00 0:00
Kevin Roy 0 0 0 0 0 0 0 0 0 0 2/4 6:57 0:00 0:00
Magnus Paajarvi-Svensson 0 1 1 0 0 4 2 0 2 0 0/1 18:36 4:12 0:59
Matt Delahey 1 0 1 -1 0 2 0 2 0 3 0/0 21:42 3:44 0:49
Maxime Sauvé 0 1 1 -1 0 4 1 0 1 0 19/32 24:38 4:46 1:00
Morgan Ellis 0 1 1 -1 0 0 1 2 0 1 0/0 21:42 3:44 0:49
Patrik Nemeth 0 0 0 0 2 2 0 4 0 2 0/0 29:09 5:13 1:09
Phillip Danault 0 0 0 0 0 1 1 0 0 0 0/0 6:57 0:00 0:00
Richard Panik 0 0 0 -1 2 3 0 0 0 0 1/3 22:06 4:45 0:00
Sebastian Collberg 0 0 0 0 0 0 0 0 0 0 2/3 6:57 0:00 0:00
Seth Griffith 0 0 0 -2 0 0 3 1 0 0 2/4 13:07 0:00 0:57
Stefan Noesen 0 0 0 -2 0 0 1 0 1 0 0/0 12:42 0:00 0:00
Tomas Hertl 1 1 2 0 0 4 1 1 1 0 8/15 19:12 4:12 0:36
Players Stats for Saguenéens
Player Name G A P +/- PIM S H SB GA TA FO MP PP MP PK MP
------------------------------------------------------------------------------------
Brody Sutter 0 0 0 -1 0 0 1 0 0 0 1/2 3:48 0:22 0:00
Carl Hagelin 0 0 0 0 2 2 0 0 0 0 0/0 14:03 0:52 0:00
Carson Mcmillan 2 0 2 2 0 5 1 1 0 1 9/17 25:01 1:02 6:42
Craig Cunningham 1 0 1 0 0 1 2 0 0 1 0/0 12:41 0:00 1:08
Dalton Prout 0 0 0 2 2 0 1 1 1 0 0/0 30:36 1:09 6:09
Henrik Samuelsson 0 0 0 1 0 1 0 1 2 0 2/3 9:28 0:18 0:00
Jake McCabe 0 0 0 1 0 3 3 2 0 0 0/0 29:55 0:59 5:53
Jerry D'Amigo 0 0 0 1 0 0 1 1 0 0 0/1 7:12 0:04 0:00
Juraj Mikus 0 1 1 0 0 3 1 0 0 1 5/11 14:34 0:52 0:00
Luke Witkowski 0 0 0 0 0 1 1 0 0 1 0/0 8:39 0:00 1:40
Mason Raymond 0 2 2 2 2 4 5 0 1 1 2/3 24:12 1:02 5:35
Mikhail Grigorenko 0 0 0 1 0 0 0 0 0 0 0/0 8:09 0:22 1:14
Nick Mattson 1 1 2 2 0 4 1 0 0 3 0/0 27:49 0:52 5:54
Patrick Sieloff 0 0 0 1 4 0 1 0 0 1 0/0 21:50 1:17 1:23
Rhett Rakhshani 0 1 1 0 0 1 0 1 1 0 0/1 14:05 0:00 2:12
Spencer Machacek 0 0 0 0 2 1 2 1 3 0 0/0 16:45 0:52 1:39
Tanner Richard 0 0 0 -1 2 0 1 0 0 0 3/6 12:08 0:17 0:00
Teemu Pulkkinen 0 1 1 1 0 0 0 0 0 0 0/0 6:55 0:00 0:00
Zac Rinaldo 0 2 2 2 0 3 5 0 1 0 10/28 19:08 1:00 2:20
3 Stars
1 - Carson Mcmillan (Chi)
2 - Zac Rinaldo (Chi)
3 - Nick Mattson (Chi)
Power Play
Gangsters - 2 on 7 Attempt(s) - 28.57%
Saguenéens - 0 on 2 Attempt(s) - 0.00%
Penalty Kill
Gangsters - 2 on 2 Attempt(s) - 100.00%
- Score 0 goal in Penalty Kill
Saguenéens - 5 on 7 Attempt(s) - 71.43%
- Score 0 goal in Penalty Kill
Team Stat
Gangsters - Hits : 17 - Faceoff Wins : 40 - Blocked Shots : 17 - Penalty Minutes : 4
Saguenéens - Hits : 26 - Faceoff Wins : 32 - Blocked Shots : 8 - Penalty Minutes : 14
Official
Referees : Fraser Kerry and Pollock Kevin
Linesman : Scott Driscoll and Andy McElman
Game Notes
Luke Witkowski is injured at 19:41 of 1st period (Right Eye)
Finance
Level 1 -- Attendance: 1358 (67.90%) -- Ticket Income $54,320
Level 2 -- Attendance: 696 (69.60%) -- Ticket Income $13,920
Total Attendance: 2054 (68.47%)
Total Ticket Income: $68,240
Other Income: $3,412
Total Income: $71,652
Gangsters
5 vs 5 Forward
Center Left Wing Right Wing Time % Phy DF OF
1 Maxime Sauvé Chris Bourque Richard Panik 40 1 2 2
2 Tomas Hertl Magnus Paajarvi-Svensson Devante Smith-Pelly 30 1 2 2
3 Seth Griffith Brendan Woods Stefan Noesen 20 1 2 2
4 Kevin Roy Phillip Danault Sebastian Collberg 10 1 2 2
5 vs 5 Defense
Defense Defense Time % Phy DF OF
1 Bryan Young Patrik Nemeth 40 1 2 2
2 Matt Delahey Morgan Ellis 30 1 2 2
3 Jonas Brodin Derrick Pouliot 20 1 2 2
4 Bryan Young Patrik Nemeth 10 1 2 2
PowerPlay Forward
Center Left Wing Right Wing Time % Phy DF OF
1 Maxime Sauvé Chris Bourque Richard Panik 60 1 2 2
2 Tomas Hertl Magnus Paajarvi-Svensson Devante Smith-Pelly 40 1 2 2
PowerPlay Defense
Defense Defense Time % Phy DF OF
1 Bryan Young Patrik Nemeth 60 1 2 2
2 Matt Delahey Morgan Ellis 40 1 2 2
Penalty Kill 4 Players Forward
Center Wing Time % Phy DF OF
1 Chris Bourque Maxime Sauvé 60 1 2 2
2 Tomas Hertl Richard Panik 40 1 2 2
Penalty Kill 4 Players Defense
Defense Defense Time % Phy DF OF
1 Bryan Young Patrik Nemeth 60 1 2 2
2 Matt Delahey Morgan Ellis 40 1 2 2
Penalty Kill - 3 Players Forward
Forward Time % Phy DF OF
1 Chris Bourque 60 1 2 2
2 Maxime Sauvé 40 1 2 2
Penalty Kill - 3 Players Defense
Defense Defense Time % Phy DF OF
1 Bryan Young Patrik Nemeth 60 1 2 2
2 Matt Delahey Morgan Ellis 40 1 2 2
4 vs 4 Forward
Center Wing Time % Phy DF OF
1 Chris Bourque Maxime Sauvé 60 1 2 2
2 Tomas Hertl Richard Panik 40 1 2 2
4 vs 4 Defense
Defense Defense Time % Phy DF OF
1 Bryan Young Patrik Nemeth 60 1 2 2
2 Matt Delahey Morgan Ellis 40 1 2 2
Last Minutes Offensive
Center Left Wing Right Wing Defense Defense
Maxime Sauvé Chris Bourque Richard Panik Bryan Young Patrik Nemeth
Last Minutes Defensive
Center Left Wing Right Wing Defense Defense
Maxime Sauvé Chris Bourque Richard Panik Bryan Young Patrik Nemeth
Goaltenders
Starting : Dustin Tokarski
Backup : Mike Condon
Extra Forwards
Normal : Brendan Woods, Stefan Noesen, Seth Griffith - PP : Brendan Woods, Stefan Noesen - PK : Seth Griffith
Extra Defensemen
Normal : Jonas Brodin, Derrick Pouliot, Matt Delahey - PP : Jonas Brodin - PK : Derrick Pouliot, Matt Delahey
Penalty Shots
Chris Bourque, Maxime Sauvé, Tomas Hertl, Richard Panik, Magnus Paajarvi-Svensson
Scratches
Brett Ponich (Healthy), Michael Sdao (Healthy), Ryan Culkin (Healthy), Austen Brassard (Healthy), Dave Dziurzynski (Healthy)
Jordan Binnington (Healthy)
Saguenéens
5 vs 5 Forward
Center Left Wing Right Wing Time % Phy DF OF
1 Zac Rinaldo Mason Raymond Carson Mcmillan 40 1 2 2
2 Juraj Mikus Carl Hagelin Spencer Machacek 30 1 2 2
3 Tanner Richard Craig Cunningham Rhett Rakhshani 20 1 2 2
4 Henrik Samuelsson Teemu Pulkkinen Jerry D'Amigo 10 1 2 2
5 vs 5 Defense
Defense Defense Time % Phy DF OF
1 Dalton Prout Luke Witkowski 40 1 2 2
2 Jake McCabe Nick Mattson 30 1 2 2
3 Patrick Sieloff Dalton Prout 20 1 2 2
4 Luke Witkowski Jake McCabe 10 1 2 2
PowerPlay Forward
Center Left Wing Right Wing Time % Phy DF OF
1 Zac Rinaldo Mason Raymond Carson Mcmillan 60 1 2 2
2 Juraj Mikus Carl Hagelin Spencer Machacek 40 1 2 2
PowerPlay Defense
Defense Defense Time % Phy DF OF
1 Dalton Prout Luke Witkowski 60 1 2 2
2 Jake McCabe Nick Mattson 40 1 2 2
Penalty Kill 4 Players Forward
Center Wing Time % Phy DF OF
1 Carson Mcmillan Mason Raymond 60 1 2 2
2 Zac Rinaldo Spencer Machacek 40 1 2 2
Penalty Kill 4 Players Defense
Defense Defense Time % Phy DF OF
1 Dalton Prout Luke Witkowski 60 1 2 2
2 Jake McCabe Nick Mattson 40 1 2 2
Penalty Kill - 3 Players Forward
Forward Time % Phy DF OF
1 Carson Mcmillan 60 1 2 2
2 Mason Raymond 40 1 2 2
Penalty Kill - 3 Players Defense
Defense Defense Time % Phy DF OF
1 Dalton Prout Luke Witkowski 60 1 2 2
2 Jake McCabe Nick Mattson 40 1 2 2
4 vs 4 Forward
Center Wing Time % Phy DF OF
1 Carson Mcmillan Mason Raymond 60 1 2 2
2 Zac Rinaldo Spencer Machacek 40 1 2 2
4 vs 4 Defense
Defense Defense Time % Phy DF OF
1 Dalton Prout Luke Witkowski 60 1 2 2
2 Jake McCabe Nick Mattson 40 1 2 2
Last Minutes Offensive
Center Left Wing Right Wing Defense Defense
Zac Rinaldo Mason Raymond Carson Mcmillan Dalton Prout Luke Witkowski
Last Minutes Defensive
Center Left Wing Right Wing Defense Defense
Zac Rinaldo Mason Raymond Carson Mcmillan Dalton Prout Luke Witkowski
Goaltenders
Starting : Mike Smith
Backup : Martin Jones
Extra Forwards
Normal : Mikhail Grigorenko, Brody Sutter, Rhett Rakhshani - PP : Mikhail Grigorenko, Brody Sutter - PK : Rhett Rakhshani
Extra Defensemen
Normal : Patrick Sieloff, Nick Mattson, Dalton Prout - PP : Patrick Sieloff - PK : Nick Mattson, Dalton Prout
Penalty Shots
Carson Mcmillan, Mason Raymond, Zac Rinaldo, Spencer Machacek, Juraj Mikus
Scratches
Brett Lebda (Broken Bone (Right Leg) Injury), Artur Gavrus (Healthy), Luke Witkowski (Right Eye Injury), Garret Sparks (Healthy)
% Time on Ice - Gangsters
Lines # - Real PCT - Wanted PCT - Time Play
Normal Forward
1 - 34% - 40% - 15:55
2 - 28% - 30% - 12:58
3 - 24% - 20% - 11:14
4 - 15% - 10% - 6:57
Normal Defense
1 - 39% - 40% - 18:27
2 - 32% - 30% - 15:06
3 - 24% - 20% - 11:21
4 - 5% - 10% - 2:10
PP Forward
1 - 53% - 60% - 4:46
2 - 47% - 40% - 4:12
PP Defense
1 - 58% - 60% - 5:14
2 - 42% - 40% - 3:44
PK Forward
1 - 88% - 60% - 1:59
2 - 13% - 40% - 0:17
PK Defense
1 - 64% - 60% - 1:27
2 - 36% - 40% - 0:49
PK3 Forward
1 - 0% - 60%
2 - 0% - 40%
PK3 Defense
1 - 0% - 60%
2 - 0% - 40%
44 Forward
1 - 78% - 60% - 5:12
2 - 22% - 40% - 1:26
44 Defense
1 - 69% - 60% - 4:35
2 - 31% - 40% - 2:03
Last Minute Offensive - 0:00
Last Minute Defensive - 0:00
Total
Forward - 64:56
Defense - 64:56
|
% Time on Ice - Saguenéens
Lines # - Real PCT - Wanted PCT - Time Play
Normal Forward
1 - 34% - 40% - 16:04
2 - 28% - 30% - 13:05
3 - 23% - 20% - 11:00
4 - 15% - 10% - 6:55
Normal Defense
1 - 48% - 40% - 22:39
2 - 25% - 30% - 11:42
3 - 13% - 20% - 6:00
4 - 14% - 10% - 6:43
PP Forward
1 - 62% - 60% - 1:24
2 - 38% - 40% - 0:52
PP Defense
1 - 71% - 60% - 1:36
2 - 29% - 40% - 0:40
PK Forward
1 - 74% - 60% - 6:38
2 - 26% - 40% - 2:20
PK Defense
1 - 89% - 60% - 8:00
2 - 11% - 40% - 0:58
PK3 Forward
1 - 76% - 60% - 1:31
2 - 24% - 40% - 0:28
PK3 Defense
1 - 100% - 60% - 1:59
2 - 0% - 40% - 0:00
44 Forward
1 - 79% - 60% - 3:41
2 - 21% - 40% - 0:58
44 Defense
1 - 92% - 60% - 4:18
2 - 8% - 40% - 0:21
Last Minute Offensive - 0:00
Last Minute Defensive - 0:00
Total
Forward - 64:56
Defense - 64:56
|
Play by Play
1st period
0:01 of 1st period - Maxime Sauvé wins face-off versus Zac Rinaldo in neutral zone.
0:06 of 1st period - Slapshot by Richard Panik.
0:06 of 1st period - Stopped by Mike Smith with a rebound.
1:10 of 1st period - Slapshot by Matt Delahey.
1:10 of 1st period - Stopped by Mike Smith without a rebound.
1:11 of 1st period - Sebastian Collberg wins face-off versus Jerry D'Amigo in Saguenéens zone.
1:14 of 1st period - Snap shot by Phillip Danault.
1:14 of 1st period - Stopped by Mike Smith without a rebound.
1:15 of 1st period - Henrik Samuelsson wins face-off versus Kevin Roy in Saguenéens zone.
1:24 of 1st period - Wrist shot by Jonas Brodin.
1:24 of 1st period - Stopped by Mike Smith with a rebound.
1:26 of 1st period - Backhand shot by Derrick Pouliot.
1:26 of 1st period - Stopped by Mike Smith with a rebound.
1:41 of 1st period - Off-side.
1:42 of 1st period - Tomas Hertl wins face-off versus Zac Rinaldo in neutral zone.
1:53 of 1st period - Wrist shot by Tomas Hertl.
1:53 of 1st period - Shot Blocked by Carson Mcmillan.
2:07 of 1st period - Patrik Nemeth is hit by Spencer Machacek and loses puck.
2:14 of 1st period - Slapshot by Juraj Mikus.
2:14 of 1st period - Shot Blocked by Patrik Nemeth.
2:22 of 1st period - Snap shot by Patrik Nemeth.
2:22 of 1st period - Stopped by Mike Smith with a rebound.
2:34 of 1st period - Luke Witkowski is hit by Phillip Danault and loses puck.
3:03 of 1st period - Slapshot by Magnus Paajarvi-Svensson.
3:03 of 1st period - Stopped by Mike Smith without a rebound.
3:04 of 1st period - Zac Rinaldo wins face-off versus Maxime Sauvé in Saguenéens zone.
3:31 of 1st period - Matt Delahey is hit by Spencer Machacek and loses puck.
3:48 of 1st period - Wrist shot by Spencer Machacek.
3:48 of 1st period - Deflect By Brendan Woods.
3:48 of 1st period - Shot Misses the Net.
3:48 of 1st period - Puck is out of play.
3:49 of 1st period - Tanner Richard wins face-off versus Seth Griffith in Gangsters zone.
4:04 of 1st period - Slapshot by Luke Witkowski.
4:04 of 1st period - Stopped by Dustin Tokarski with a rebound.
4:12 of 1st period - Dalton Prout is hit by Jonas Brodin and loses puck.
4:30 of 1st period - Icing by Stefan Noesen.
4:31 of 1st period - Juraj Mikus wins face-off versus Seth Griffith in Gangsters zone.
4:46 of 1st period - Spencer Machacek is hit by Seth Griffith and loses puck.
5:16 of 1st period - Off-side.
5:17 of 1st period - Zac Rinaldo wins face-off versus Maxime Sauvé in neutral zone.
5:19 of 1st period - Off-side.
5:20 of 1st period - Maxime Sauvé wins face-off versus Zac Rinaldo in neutral zone.
7:05 of 1st period - Wrist shot by Rhett Rakhshani.
7:05 of 1st period - Shot Blocked by Jonas Brodin.
7:07 of 1st period - Slapshot by Jake McCabe.
7:07 of 1st period - Stopped by Dustin Tokarski without a rebound.
7:08 of 1st period - Tomas Hertl wins face-off versus Tanner Richard in Gangsters zone.
7:35 of 1st period - Icing by Craig Cunningham.
7:36 of 1st period - Maxime Sauvé wins face-off versus Tanner Richard in Saguenéens zone.
7:45 of 1st period - Nick Mattson is hit by Morgan Ellis.
7:49 of 1st period - Matt Delahey is hit by Jake McCabe and loses puck.
8:08 of 1st period - Icing by Richard Panik.
8:09 of 1st period - Maxime Sauvé wins face-off versus Zac Rinaldo in Gangsters zone.
8:09 of 1st period - Maxime Sauvé is hit by Nick Mattson.
9:21 of 1st period - Snap shot by Teemu Pulkkinen.
9:21 of 1st period - Shot Misses the Net.
10:56 of 1st period - Patrik Nemeth is hit by Mason Raymond and loses puck.
11:07 of 1st period - Wrist shot by Juraj Mikus.
11:07 of 1st period - Stopped by Dustin Tokarski without a rebound.
11:08 of 1st period - Juraj Mikus wins face-off versus Magnus Paajarvi-Svensson in Gangsters zone.
11:13 of 1st period - Wrist shot by Carl Hagelin.
11:13 of 1st period - Stopped by Dustin Tokarski with a rebound.
11:15 of 1st period - Snap shot by Carl Hagelin.
11:15 of 1st period - Shot Misses the Net.
11:17 of 1st period - Snap shot by Luke Witkowski.
11:17 of 1st period - Shot Blocked by Devante Smith-Pelly.
11:19 of 1st period - Slapshot by Luke Witkowski.
11:19 of 1st period - Shot Misses the Net.
11:38 of 1st period - Backhand shot by Nick Mattson.
11:38 of 1st period - Deflect By Henrik Samuelsson.
11:38 of 1st period - Shot Misses the Net.
11:38 of 1st period - Puck is out of play.
11:39 of 1st period - Maxime Sauvé wins face-off versus Zac Rinaldo in Gangsters zone.
12:06 of 1st period - Wrist shot by Juraj Mikus.
12:06 of 1st period - Stopped by Dustin Tokarski with a rebound.
12:14 of 1st period - Wrist shot by Tomas Hertl.
12:14 of 1st period - Deflect By Devante Smith-Pelly.
12:14 of 1st period - Stopped by Mike Smith without a rebound.
12:15 of 1st period - Maxime Sauvé wins face-off versus Juraj Mikus in Saguenéens zone.
12:16 of 1st period - Snap shot by Chris Bourque.
12:16 of 1st period - Stopped by Mike Smith without a rebound.
12:17 of 1st period - Maxime Sauvé wins face-off versus Juraj Mikus in Saguenéens zone.
12:47 of 1st period - Icing by Carson Mcmillan.
12:48 of 1st period - Tomas Hertl wins face-off versus Zac Rinaldo in Saguenéens zone.
12:53 of 1st period - Snap shot by Tomas Hertl.
12:53 of 1st period - Stopped by Mike Smith with a rebound.
12:59 of 1st period - Snap shot by Devante Smith-Pelly.
12:59 of 1st period - Shot Misses the Net.
13:31 of 1st period - Maxime Sauvé is hit by Juraj Mikus and loses puck.
13:36 of 1st period - Snap shot by Carl Hagelin.
13:36 of 1st period - Stopped by Dustin Tokarski with a rebound.
13:38 of 1st period - Snap shot by Spencer Machacek.
13:38 of 1st period - Shot Blocked by Bryan Young.
14:04 of 1st period - Slapshot by Chris Bourque.
14:04 of 1st period - Shot Misses the Net.
14:12 of 1st period - Richard Panik is hit by Luke Witkowski and loses puck.
14:17 of 1st period - Snap shot by Spencer Machacek.
14:17 of 1st period - Shot Misses the Net.
14:19 of 1st period - Slapshot by Jake McCabe.
14:19 of 1st period - Stopped by Dustin Tokarski without a rebound.
14:20 of 1st period - Zac Rinaldo wins face-off versus Tomas Hertl in Gangsters zone.
14:27 of 1st period - Snap shot by Magnus Paajarvi-Svensson.
14:27 of 1st period - Shot Misses the Net.
14:29 of 1st period - Snap shot by Devante Smith-Pelly.
14:29 of 1st period - Deflect By Tomas Hertl.
14:29 of 1st period - Shot Blocked by Dalton Prout.
14:29 of 1st period - Puck is out of play.
14:30 of 1st period - Tomas Hertl wins face-off versus Zac Rinaldo in Saguenéens zone.
14:46 of 1st period - Minor Penalty to Mason Raymond for Roughing.
14:47 of 1st period - Carson Mcmillan wins face-off versus Tomas Hertl in Saguenéens zone.
15:38 of 1st period - Wrist shot by Devante Smith-Pelly.
15:38 of 1st period - Stopped by Mike Smith with a rebound.
15:40 of 1st period - Snap shot by Devante Smith-Pelly.
15:40 of 1st period - Shot Misses the Net.
15:48 of 1st period - Snap shot by Tomas Hertl.
15:48 of 1st period - Stopped by Mike Smith with a rebound.
15:50 of 1st period - Slapshot by Morgan Ellis.
15:50 of 1st period - Shot Misses the Net.
15:52 of 1st period - Slapshot by Matt Delahey.
15:52 of 1st period - Goal by Matt Delahey - Gangsters : 1 - Saguenéens : 0.
15:53 of 1st period - Zac Rinaldo wins face-off versus Richard Panik in neutral zone.
16:18 of 1st period - Spencer Machacek is hit by Bryan Young.
16:47 of 1st period - Kevin Roy is hit by Craig Cunningham and loses puck.
17:03 of 1st period - Off-side.
17:04 of 1st period - Zac Rinaldo wins face-off versus Maxime Sauvé in neutral zone.
17:11 of 1st period - Wrist shot by Mason Raymond.
17:11 of 1st period - Stopped by Dustin Tokarski without a rebound.
17:12 of 1st period - Chris Bourque wins face-off versus Mason Raymond in Gangsters zone.
17:12 of 1st period - Chris Bourque is hit by Carson Mcmillan.
17:46 of 1st period - Wrist shot by Carson Mcmillan.
17:46 of 1st period - Shot Blocked by Morgan Ellis.
17:48 of 1st period - Snap shot by Zac Rinaldo.
17:48 of 1st period - Stopped by Dustin Tokarski with a rebound.
17:50 of 1st period - Slapshot by Nick Mattson.
17:50 of 1st period - Deflect By Matt Delahey.
17:50 of 1st period - Stopped by Dustin Tokarski with a rebound.
17:52 of 1st period - Slapshot by Jake McCabe.
17:52 of 1st period - Shot Misses the Net.
17:54 of 1st period - Slapshot by Jake McCabe.
17:54 of 1st period - Stopped by Dustin Tokarski with a rebound.
17:56 of 1st period - Wrist shot by Zac Rinaldo.
17:56 of 1st period - Deflect By Matt Delahey.
17:56 of 1st period - Stopped by Dustin Tokarski without a rebound.
17:57 of 1st period - Tomas Hertl wins face-off versus Tanner Richard in Gangsters zone.
18:06 of 1st period - Snap shot by Magnus Paajarvi-Svensson.
18:06 of 1st period - Stopped by Mike Smith without a rebound.
18:07 of 1st period - Tanner Richard wins face-off versus Tomas Hertl in Saguenéens zone.
18:09 of 1st period - Minor Penalty to Tanner Richard for Holding.
18:10 of 1st period - Carson Mcmillan wins face-off versus Maxime Sauvé in Saguenéens zone.
19:40 of 1st period - Luke Witkowski is hit by Devante Smith-Pelly and loses puck.
19:41 of 1st period - Luke Witkowski from Saguenéens is injured at 19:41 of 1st period (Right Eye).
19:42 of 1st period - Maxime Sauvé wins face-off versus Carson Mcmillan in Saguenéens zone.
19:45 of 1st period - Wrist shot by Maxime Sauvé.
19:45 of 1st period - Stopped by Mike Smith with a rebound.
19:47 of 1st period - Snap shot by Bryan Young.
19:47 of 1st period - Goal by Bryan Young - Gangsters : 2 - Saguenéens : 0.
19:48 of 1st period - Maxime Sauvé wins face-off versus Zac Rinaldo in neutral zone.
19:52 of 1st period - Off-side.
19:53 of 1st period - Zac Rinaldo wins face-off versus Maxime Sauvé in neutral zone.
19:56 of 1st period - Snap shot by Mason Raymond.
19:56 of 1st period - Shot Blocked by Bryan Young.
Goals for this period are 2 for Gangsters vs 0 for Saguenéens.
Shots for this period are 16 for Gangsters vs 12 for Saguenéens.
2nd period
0:01 of 2nd period - Maxime Sauvé wins face-off versus Zac Rinaldo in neutral zone.
0:11 of 2nd period - Bryan Young is hit by Mason Raymond and loses puck.
0:14 of 2nd period - Snap shot by Chris Bourque.
0:14 of 2nd period - Shot Misses the Net.
0:16 of 2nd period - Wrist shot by Chris Bourque.
0:16 of 2nd period - Stopped by Mike Smith with a rebound.
0:22 of 2nd period - Minor Penalty to Patrick Sieloff for Diving.
0:23 of 2nd period - Maxime Sauvé wins face-off versus Carson Mcmillan in Saguenéens zone.
0:40 of 2nd period - Minor Penalty to Patrik Nemeth for Tripping.
0:41 of 2nd period - Carson Mcmillan wins face-off versus Chris Bourque in Gangsters zone.
1:29 of 2nd period - Snap shot by Chris Bourque.
1:29 of 2nd period - Shot Blocked by Jake McCabe.
2:21 of 2nd period - Brody Sutter is hit by Magnus Paajarvi-Svensson and loses puck.
2:22 of 2nd period - Penalty to Patrick Sieloff is over, Patrick Sieloff is back on ice.
2:34 of 2nd period - Snap shot by Mikhail Grigorenko.
2:34 of 2nd period - Shot Misses the Net.
2:40 of 2nd period - Penalty to Patrik Nemeth is over, Patrik Nemeth is back on ice.
3:13 of 2nd period - Snap shot by Seth Griffith.
3:13 of 2nd period - Deflect By Stefan Noesen.
3:13 of 2nd period - Shot Misses the Net.
3:13 of 2nd period - Puck is out of play.
3:14 of 2nd period - Juraj Mikus wins face-off versus Maxime Sauvé in Saguenéens zone.
3:25 of 2nd period - Snap shot by Juraj Mikus.
3:25 of 2nd period - Shot Blocked by Morgan Ellis.
3:27 of 2nd period - Wrist shot by Spencer Machacek.
3:27 of 2nd period - Stopped by Dustin Tokarski without a rebound.
3:28 of 2nd period - Devante Smith-Pelly wins face-off versus Zac Rinaldo in Gangsters zone.
3:55 of 2nd period - Dalton Prout is hit by Chris Bourque and loses puck.
4:36 of 2nd period - Snap shot by Mason Raymond.
4:36 of 2nd period - Stopped by Dustin Tokarski with a rebound.
4:46 of 2nd period - Snap shot by Carson Mcmillan.
4:46 of 2nd period - Stopped by Dustin Tokarski without a rebound.
4:47 of 2nd period - Juraj Mikus wins face-off versus Maxime Sauvé in Gangsters zone.
4:48 of 2nd period - Snap shot by Spencer Machacek.
4:48 of 2nd period - Shot Misses the Net.
4:50 of 2nd period - Slapshot by Patrick Sieloff.
4:50 of 2nd period - Shot Blocked by Matt Delahey.
4:52 of 2nd period - Slapshot by Juraj Mikus.
4:52 of 2nd period - Shot Blocked by Matt Delahey.
4:54 of 2nd period - Slapshot by Carl Hagelin.
4:54 of 2nd period - Shot Misses the Net.
5:19 of 2nd period - Magnus Paajarvi-Svensson is hit by Zac Rinaldo and loses puck.
5:36 of 2nd period - Snap shot by Craig Cunningham.
5:36 of 2nd period - Shot Blocked by Bryan Young.
5:49 of 2nd period - Brendan Woods is hit by Tanner Richard and loses puck.
6:06 of 2nd period - Patrik Nemeth is hit by Jake McCabe and loses puck.
6:13 of 2nd period - Slapshot by Juraj Mikus.
6:13 of 2nd period - Stopped by Dustin Tokarski without a rebound.
6:14 of 2nd period - Zac Rinaldo wins face-off versus Tomas Hertl in Gangsters zone.
6:15 of 2nd period - Wrist shot by Carson Mcmillan.
6:15 of 2nd period - Shot Misses the Net.
6:49 of 2nd period - Snap shot by Mason Raymond.
6:49 of 2nd period - Deflect By Zac Rinaldo.
6:49 of 2nd period - Stopped by Dustin Tokarski with a rebound.
8:19 of 2nd period - Snap shot by Teemu Pulkkinen.
8:19 of 2nd period - Shot Misses the Net.
8:41 of 2nd period - Backhand shot by Rhett Rakhshani.
8:41 of 2nd period - Shot Misses the Net.
9:40 of 2nd period - Bryan Young is hit by Craig Cunningham and loses puck.
9:57 of 2nd period - Snap shot by Rhett Rakhshani.
9:57 of 2nd period - Stopped by Dustin Tokarski with a rebound.
10:08 of 2nd period - Chris Bourque is hit by Brody Sutter and loses puck.
10:27 of 2nd period - Wrist shot by Maxime Sauvé.
10:27 of 2nd period - Stopped by Mike Smith with a rebound.
10:29 of 2nd period - Wrist shot by Richard Panik.
10:29 of 2nd period - Shot Misses the Net.
10:31 of 2nd period - Backhand shot by Patrik Nemeth.
10:31 of 2nd period - Shot Misses the Net.
10:33 of 2nd period - Slapshot by Patrik Nemeth.
10:33 of 2nd period - Shot Misses the Net.
10:35 of 2nd period - Snap shot by Richard Panik.
10:35 of 2nd period - Shot Misses the Net.
10:37 of 2nd period - Snap shot by Richard Panik.
10:37 of 2nd period - Stopped by Mike Smith with a rebound.
10:44 of 2nd period - Icing by Craig Cunningham.
10:45 of 2nd period - Devante Smith-Pelly wins face-off versus Brody Sutter in Saguenéens zone.
10:48 of 2nd period - Wrist shot by Devante Smith-Pelly.
10:48 of 2nd period - Shot Blocked by Rhett Rakhshani.
10:50 of 2nd period - Slapshot by Magnus Paajarvi-Svensson.
10:50 of 2nd period - Stopped by Mike Smith with a rebound.
10:52 of 2nd period - Wrist shot by Tomas Hertl.
10:52 of 2nd period - Deflect By Craig Cunningham.
10:52 of 2nd period - Goal by Tomas Hertl - Gangsters : 3 - Saguenéens : 0.
10:53 of 2nd period - Tomas Hertl wins face-off versus Zac Rinaldo in neutral zone.
11:00 of 2nd period - Wrist shot by Carson Mcmillan.
11:00 of 2nd period - Goal by Carson Mcmillan - Gangsters : 3 - Saguenéens : 1.
11:01 of 2nd period - Devante Smith-Pelly wins face-off versus Zac Rinaldo in neutral zone.
11:57 of 2nd period - Snap shot by Teemu Pulkkinen.
11:57 of 2nd period - Shot Misses the Net.
11:59 of 2nd period - Slapshot by Nick Mattson.
11:59 of 2nd period - Goal by Nick Mattson - Gangsters : 3 - Saguenéens : 2.
12:00 of 2nd period - Mason Raymond wins face-off versus Chris Bourque in neutral zone.
12:05 of 2nd period - Snap shot by Carson Mcmillan.
12:05 of 2nd period - Shot Misses the Net.
12:53 of 2nd period - Henrik Samuelsson is hit by Seth Griffith and loses puck.
13:19 of 2nd period - Icing by Rhett Rakhshani.
13:20 of 2nd period - Richard Panik wins face-off versus Rhett Rakhshani in Saguenéens zone.
13:23 of 2nd period - Wrist shot by Maxime Sauvé.
13:23 of 2nd period - Stopped by Mike Smith without a rebound.
13:24 of 2nd period - Maxime Sauvé wins face-off versus Zac Rinaldo in Saguenéens zone.
14:30 of 2nd period - Icing by Dalton Prout.
14:31 of 2nd period - Sebastian Collberg wins face-off versus Henrik Samuelsson in Saguenéens zone.
14:44 of 2nd period - Backhand shot by Henrik Samuelsson.
14:44 of 2nd period - Stopped by Dustin Tokarski without a rebound.
14:45 of 2nd period - Tomas Hertl wins face-off versus Zac Rinaldo in Gangsters zone.
15:01 of 2nd period - Slapshot by Carson Mcmillan.
15:01 of 2nd period - Stopped by Dustin Tokarski without a rebound.
15:02 of 2nd period - Maxime Sauvé wins face-off versus Juraj Mikus in Gangsters zone.
15:11 of 2nd period - Maxime Sauvé is hit by Dalton Prout and loses puck.
15:29 of 2nd period - Tomas Hertl is hit by Zac Rinaldo and loses puck.
16:11 of 2nd period - Off-side.
16:12 of 2nd period - Henrik Samuelsson wins face-off versus Kevin Roy in neutral zone.
16:15 of 2nd period - Slapshot by Nick Mattson.
16:15 of 2nd period - Stopped by Dustin Tokarski with a rebound.
16:27 of 2nd period - Wrist shot by Teemu Pulkkinen.
16:27 of 2nd period - Shot Misses the Net.
16:29 of 2nd period - Slapshot by Nick Mattson.
16:29 of 2nd period - Stopped by Dustin Tokarski without a rebound.
16:30 of 2nd period - Maxime Sauvé wins face-off versus Zac Rinaldo in Gangsters zone.
16:55 of 2nd period - Carl Hagelin is hit by Devante Smith-Pelly and loses puck.
17:14 of 2nd period - Slapshot by Nick Mattson.
17:14 of 2nd period - Shot Blocked by Brendan Woods.
17:24 of 2nd period - Snap shot by Rhett Rakhshani.
17:24 of 2nd period - Shot Blocked by Seth Griffith.
17:38 of 2nd period - Snap shot by Kevin Roy.
17:38 of 2nd period - Shot Misses the Net.
17:40 of 2nd period - Snap shot by Bryan Young.
17:40 of 2nd period - Shot Blocked by Jerry D'Amigo.
18:20 of 2nd period - Snap shot by Tanner Richard.
18:20 of 2nd period - Shot Misses the Net.
18:22 of 2nd period - Wrist shot by Rhett Rakhshani.
18:22 of 2nd period - Shot Blocked by Chris Bourque.
18:44 of 2nd period - Wrist shot by Tomas Hertl.
18:44 of 2nd period - Stopped by Mike Smith with a rebound.
18:56 of 2nd period - Minor Penalty to Spencer Machacek for Roughing.
18:57 of 2nd period - Carson Mcmillan wins face-off versus Tomas Hertl in Saguenéens zone.
Goals for this period are 1 for Gangsters vs 2 for Saguenéens.
Shots for this period are 7 for Gangsters vs 12 for Saguenéens.
3rd period
0:01 of 3rd period - Carson Mcmillan wins face-off versus Maxime Sauvé in neutral zone.
0:43 of 3rd period - Off-side.
0:44 of 3rd period - Maxime Sauvé wins face-off versus Carson Mcmillan in neutral zone.
0:56 of 3rd period - Penalty to Spencer Machacek is over, Spencer Machacek is back on ice.
1:20 of 3rd period - Off-side.
1:21 of 3rd period - Seth Griffith wins face-off versus Juraj Mikus in neutral zone.
1:24 of 3rd period - Backhand shot by Brendan Woods.
1:24 of 3rd period - Shot Misses the Net.
1:54 of 3rd period - Wrist shot by Carson Mcmillan.
1:54 of 3rd period - Goal by Carson Mcmillan - Gangsters : 3 - Saguenéens : 3.
1:55 of 3rd period - Maxime Sauvé wins face-off versus Zac Rinaldo in neutral zone.
2:01 of 3rd period - Minor Penalty to Dalton Prout for Tripping.
2:02 of 3rd period - Carson Mcmillan wins face-off versus Maxime Sauvé in Saguenéens zone.
3:00 of 3rd period - Icing by Matt Delahey.
3:01 of 3rd period - Tomas Hertl wins face-off versus Carson Mcmillan in Gangsters zone.
3:09 of 3rd period - Snap shot by Magnus Paajarvi-Svensson.
3:09 of 3rd period - Stopped by Mike Smith without a rebound.
3:10 of 3rd period - Zac Rinaldo wins face-off versus Maxime Sauvé in Saguenéens zone.
3:21 of 3rd period - Slapshot by Patrik Nemeth.
3:21 of 3rd period - Stopped by Mike Smith without a rebound.
3:22 of 3rd period - Maxime Sauvé wins face-off versus Carson Mcmillan in Saguenéens zone.
3:32 of 3rd period - Off-side.
3:33 of 3rd period - Maxime Sauvé wins face-off versus Carson Mcmillan in neutral zone.
3:38 of 3rd period - Slapshot by Carson Mcmillan.
3:38 of 3rd period - Stopped by Dustin Tokarski with a rebound.
3:40 of 3rd period - Snap shot by Nick Mattson.
3:40 of 3rd period - Shot Blocked by Patrik Nemeth.
3:42 of 3rd period - Backhand shot by Jake McCabe.
3:42 of 3rd period - Shot Misses the Net.
3:44 of 3rd period - Snap shot by Jake McCabe.
3:44 of 3rd period - Shot Misses the Net.
3:46 of 3rd period - Slapshot by Nick Mattson.
3:46 of 3rd period - Shot Blocked by Patrik Nemeth.
3:48 of 3rd period - Snap shot by Mason Raymond.
3:48 of 3rd period - Stopped by Dustin Tokarski without a rebound.
3:49 of 3rd period - Mason Raymond wins face-off versus Maxime Sauvé in Gangsters zone.
3:59 of 3rd period - Minor Penalty to Richard Panik for Tripping.
4:00 of 3rd period - Carson Mcmillan wins face-off versus Chris Bourque in Gangsters zone.
4:01 of 3rd period - Penalty to Dalton Prout is over, Dalton Prout is back on ice.
4:02 of 3rd period - Wrist shot by Mason Raymond.
4:02 of 3rd period - Stopped by Dustin Tokarski without a rebound.
4:03 of 3rd period - Chris Bourque wins face-off versus Zac Rinaldo in Gangsters zone.
4:18 of 3rd period - Patrik Nemeth is hit by Patrick Sieloff and loses puck.
5:59 of 3rd period - Penalty to Richard Panik is over, Richard Panik is back on ice.
6:32 of 3rd period - Nick Mattson is hit by Derrick Pouliot and loses puck.
7:51 of 3rd period - Icing by Spencer Machacek.
7:52 of 3rd period - Brody Sutter wins face-off versus Maxime Sauvé in Saguenéens zone.
8:17 of 3rd period - Rhett Rakhshani is hit by Magnus Paajarvi-Svensson and loses puck.
9:03 of 3rd period - Juraj Mikus is hit by Maxime Sauvé.
9:22 of 3rd period - Off-side.
9:23 of 3rd period - Zac Rinaldo wins face-off versus Sebastian Collberg in neutral zone.
9:29 of 3rd period - Patrik Nemeth is hit by Zac Rinaldo and loses puck.
9:40 of 3rd period - Phillip Danault is hit by Zac Rinaldo and loses puck.
9:59 of 3rd period - Snap shot by Richard Panik.
9:59 of 3rd period - Shot Misses the Net.
10:01 of 3rd period - Slapshot by Bryan Young.
10:01 of 3rd period - Stopped by Mike Smith without a rebound.
10:02 of 3rd period - Juraj Mikus wins face-off versus Tomas Hertl in Saguenéens zone.
10:12 of 3rd period - Minor Penalty to Carl Hagelin for High sticking.
10:13 of 3rd period - Carson Mcmillan wins face-off versus Maxime Sauvé in Saguenéens zone.
10:44 of 3rd period - Slapshot by Dalton Prout.
10:44 of 3rd period - Shot Blocked by Patrik Nemeth.
12:12 of 3rd period - Penalty to Carl Hagelin is over, Carl Hagelin is back on ice.
12:34 of 3rd period - Wrist shot by Teemu Pulkkinen.
12:34 of 3rd period - Deflect By Henrik Samuelsson.
12:34 of 3rd period - Shot Hit the Post.
12:34 of 3rd period - Puck is out of play.
12:35 of 3rd period - Kevin Roy wins face-off versus Juraj Mikus in Gangsters zone.
12:45 of 3rd period - Wrist shot by Jonas Brodin.
12:45 of 3rd period - Stopped by Mike Smith with a rebound.
12:47 of 3rd period - Slapshot by Derrick Pouliot.
12:47 of 3rd period - Shot Blocked by Jake McCabe.
12:49 of 3rd period - Slapshot by Jonas Brodin.
12:49 of 3rd period - Stopped by Mike Smith with a rebound.
12:51 of 3rd period - Slapshot by Jonas Brodin.
12:51 of 3rd period - Deflect By Kevin Roy.
12:51 of 3rd period - Shot Misses the Net.
12:51 of 3rd period - Puck is out of play.
12:52 of 3rd period - Zac Rinaldo wins face-off versus Richard Panik in Saguenéens zone.
13:24 of 3rd period - Devante Smith-Pelly is hit by Jake McCabe and loses puck.
14:08 of 3rd period - Seth Griffith is hit by Mason Raymond and loses puck.
14:31 of 3rd period - Chris Bourque is hit by Jerry D'Amigo.
14:47 of 3rd period - Jake McCabe is hit by Tomas Hertl and loses puck.
15:11 of 3rd period - Wrist shot by Bryan Young.
15:11 of 3rd period - Stopped by Mike Smith with a rebound.
15:35 of 3rd period - Devante Smith-Pelly is hit by Mason Raymond and loses puck.
16:01 of 3rd period - Carl Hagelin is hit by Stefan Noesen and loses puck.
16:06 of 3rd period - Slapshot by Bryan Young.
16:06 of 3rd period - Shot Misses the Net.
16:08 of 3rd period - Wrist shot by Patrik Nemeth.
16:08 of 3rd period - Deflect By Brendan Woods.
16:08 of 3rd period - Stopped by Mike Smith without a rebound.
16:09 of 3rd period - Tanner Richard wins face-off versus Tomas Hertl in Saguenéens zone.
16:16 of 3rd period - Craig Cunningham is hit by Devante Smith-Pelly and loses puck.
16:33 of 3rd period - Patrik Nemeth is hit by Zac Rinaldo and loses puck.
16:45 of 3rd period - Icing by Morgan Ellis.
16:46 of 3rd period - Seth Griffith wins face-off versus Juraj Mikus in Gangsters zone.
16:51 of 3rd period - Carl Hagelin is hit by Seth Griffith and loses puck.
18:17 of 3rd period - Slapshot by Maxime Sauvé.
18:17 of 3rd period - Shot Blocked by Henrik Samuelsson.
18:19 of 3rd period - Wrist shot by Richard Panik.
18:19 of 3rd period - Shot Blocked by Spencer Machacek.
18:43 of 3rd period - Icing by Sebastian Collberg.
18:44 of 3rd period - Kevin Roy wins face-off versus Zac Rinaldo in Gangsters zone.
19:58 of 3rd period - Slapshot by Jake McCabe.
19:58 of 3rd period - Shot Blocked by Tomas Hertl.
Goals for this period are 0 for Gangsters vs 1 for Saguenéens.
Shots for this period are 7 for Gangsters vs 4 for Saguenéens.
Overtime #1
0:01 of 1st overtime period - Carson Mcmillan wins face-off versus Chris Bourque in neutral zone.
0:06 of 1st overtime period - Slapshot by Dalton Prout.
0:06 of 1st overtime period - Deflect By Mason Raymond.
0:06 of 1st overtime period - Shot Misses the Net.
0:06 of 1st overtime period - Puck is out of play.
0:07 of 1st overtime period - Maxime Sauvé wins face-off versus Carson Mcmillan in Gangsters zone.
0:40 of 1st overtime period - Wrist shot by Chris Bourque.
0:40 of 1st overtime period - Shot Misses the Net.
0:42 of 1st overtime period - Minor Penalty to Patrick Sieloff for Hooking.
0:43 of 1st overtime period - Chris Bourque wins face-off versus Carson Mcmillan in Saguenéens zone.
0:46 of 1st overtime period - Snap shot by Chris Bourque.
0:46 of 1st overtime period - Shot Misses the Net.
0:48 of 1st overtime period - Snap shot by Maxime Sauvé.
0:48 of 1st overtime period - Stopped by Mike Smith with a rebound.
2:42 of 1st overtime period - Penalty to Patrick Sieloff is over, Patrick Sieloff is back on ice.
2:47 of 1st overtime period - Matt Delahey is hit by Mason Raymond and loses puck.
3:46 of 1st overtime period - Snap shot by Richard Panik.
3:46 of 1st overtime period - Stopped by Mike Smith with a rebound.
4:54 of 1st overtime period - Wrist shot by Rhett Rakhshani.
4:54 of 1st overtime period - Shot Misses the Net.
4:56 of 1st overtime period - Wrist shot by Craig Cunningham.
4:56 of 1st overtime period - Goal by Craig Cunningham - Gangsters : 3 - Saguenéens : 4.
Goals for this period are 0 for Gangsters vs 1 for Saguenéens.
Shots for this period are 2 for Gangsters vs 1 for Saguenéens.
Back to the Top